 Dungeon Crawl Stone Soup version 0.30.0-29-ga12c61a403 (webtiles) character file.

Game seed: 10096475977498281114

11 monsoonserge the Covered (level 2, 27/27 HPs)
             Began as a Minotaur Fighter on June 16, 2023.
             Was a Follower of Sif Muna.
             Quit the game on level 1 of the Dungeon.
             The game lasted 00:01:03 (427 turns).

monsoonserge the Covered (Minotaur Fighter)          Turns: 427, Time: 00:01:03

Health: 27/27      AC:  8    Str: 20    XL:     2   Next: 13%
Magic:  1/1        EV: 10    Int:  5    God:    Sif Muna [*.....]
Gold:   0          SH:  4    Dex:  9    Spells: 1/1 levels left

rFire   + . .        a - +0 war axe
rCold   . . .        c - +0 buckler
rNeg    . . .        f - +1 ring mail {rF+}
rPois   .            (helmet restricted)
rElec   .            g - +0 cloak
rCorr   .            (no gloves)
SInv    .            (no boots)
Will    .....        (no amulet) Stlth
                     (no ring)
HPRegen 0.24/turn    (no ring)
MPRegen 0.07/turn

%: no passive effects
@: no status effects
A: horns 2, retaliatory headbutt
a: Renounce Religion, Channel Magic


You were on level 1 of the Dungeon.
You worshipped Sif Muna.
Sif Muna was aware of your devotion.
You visited 1 branch of the dungeon, and saw 1 of its levels.

Inventory:

Hand Weapons
 a - a +0 war axe (weapon)
Armour
 c - a +0 buckler (worn)
 f - a +1 ring mail of fire resistance (worn)
 g - a +0 cloak (worn)
Scrolls
 i - a scroll of identify {unknown}
Potions
 b - a potion of haste {unknown}
 d - a potion of might
 e - 2 potions of mutation {unknown}
 h - a potion of degeneration {unknown}


   Skills:
 + Level 3.8 Fighting
 + Level 2.6 Axes
 + Level 4.0 Armour
 + Level 3.8 Shields


You had one spell level left.
You didn't know any spells.
Your spell library was empty.

Dungeon Overview and Level Annotations

Branches:
Dungeon (1/15)

Altars:
Sif Muna


Innate Abilities, Weirdness & Mutations

You have a pair of horns on your head.
You reflexively headbutt those who attack you in melee.


Message History

b - a lumpy ruby potion
There are no items here.
You see here a +0 cloak.
g - a +0 cloak You start putting on your armour.
You continue putting on your +0 cloak. x4
You finish putting on your +0 cloak.
A bat comes into view.
The bat completely misses you.
You slash the bat!
You kill the bat!
You have reached level 2!
h - a coppery potion
There are no items here.
Found a whip.
You see here a +0 whip.
i - a scroll labelled EQUVEO AGULIRO
There are no items here.
A dart slug comes into view.
The dart slug launches a dart at you.
The slug dart hits you but does no damage.
The dart slug launches a dart at you. The slug dart hits you.
You slash the dart slug!
You kill the dart slug!
Your Armour skill increases to level 4!
You see here a dart slug corpse.
As you open the door, it creaks loudly!
There is an open door here.
There is an open door here.
You open the door.
There is an open door here.
There is an open door here.
Found a dagger.
Found a faded altar of an unknown god.
There is a faded altar of an unknown god here.
You see here a -2 dagger.
This altar belongs to (a) Sif Muna, (b) Elyvilon or (c) Makhleb, but you can't tell which.
Press the corresponding letter to learn more about a god, or press enter to convert or escape to cancel.
Sif Muna accepts your prayer! Sif Muna welcomes you!
You can now call upon Sif Muna for magical energy.
Are you sure you want to abandon this character and quit the game? (Confirm with "yes".)

#........######
##.####### #.# #.#
#.# #.# ######### #.#
#.....#####.#
.......@###.#########
..######.##.#........
###.#....#######
#......# #..........#
.......##.###
.......##.#
#########.# #+#


There were no monsters in sight!

Vanquished Creatures
  A dart slug (D:1)
  A goblin (D:1)
  3 jackals (D:1)
  2 bats (D:1)
  A rat (D:1)
8 creatures vanquished.

Notes
Turn   | Place    | Note
-------+----------+-------------------------------------------
     0 | D:1      | monsoonserge the Minotaur Fighter began the quest for the
                  | Orb.
     0 | D:1      | Reached XP level 1. HP: 19/19 MP: 0/0
   273 | D:1      | Reached XP level 2. HP: 27/27 MP: 1/1
   328 | D:1      | Reached skill level 4 in Armour
   422 | D:1      | Found a faded altar of an unknown god.
   426 | D:1      | Prayed at the altar of an unknown god.
   426 | D:1      | Became a worshipper of Sif Muna the Loreminder
   426 | D:1      | Reached * piety under Sif Muna
   427 | D:1      | Quit the game

Illustrated notes

Levels and vault maps discovered:
D:1:      evilmike_arrival_plus, layout_loops_corners,
          ebering_ecumenical_altar_rust

Skill      XL: |  1  2 |
---------------+-------+-----
Armour         | 4 |  4.0
Fighting       | |  3.8
Axes           | |  2.6
Shields        | |  3.8

Action                     || total
---------------------------++-------
  Melee: War axe           ||    14
         Headbutt          ||     1
 Armour: Ring mail         ||     6
  Dodge: Dodged            ||     6
  Block: Buckler           ||     3
